[Event "German Bundesliga 2021-22"]
[Site "Germany"]
[Date "2022.05.01"]
[Round "6.11"]
[White "Korobov, Anton"]
[Black "Thybo, Jesper Sondergaard"]
[Result "1-0"]
[ECO "A05"]
[WhiteElo "2695"]
[BlackElo "2559"]
[Annotator "TA"]
[PlyCount "57"]
[EventDate "2022.03.05"]
[EventType "team-tourn"]
[EventCountry "GER"]
[SourceTitle "playchess.com"]
[Source "ChessBase"]
[SourceQuality "1"]
[TimeControl "40/5400+30:1800+30"]

1. Nf3 Nf6 2. g3 c5 3. Bg2 Nc6 4. O-O e5 5. d3 d5 6. e4 d4 {[%emt 0:04:33] 6...d4 is better than 6...dxe4.} 7. a4 Bd6 {[%emt 0:04:11] A08: King's Indian Attack.} 8. Nh4 $5 {[%emt 0:00:01][%mdl 4] A promising side line.} O-O 9. Nf5 Bc7 {[%emt 0:14:52] The position is equal.} 10. Bg5 {[%emt 0:05:49] [#]} h6 $146 ({Predecessor:} 10... Be6 11. Qf3 Bxf5 12. exf5 h6 13. Bxf6 Qxf6 14. Nd2 Qe7 15. Qg4 Nb4 16. Rac1 Bd8 {½-½ (52) Brankovic,D (2290)-Pobor,M (2175) Paracin 2020}) 11. Bh4 Kh7 {[%emt 0:03:01] [#] aiming for ...g5.} ({Don't do} 11... Bxf5 12. exf5 Na5 13. Nd2 $14) 12. g4 g5 13. Bg3 Ne7 14. h4 {[%emt 0:17:40] [#]} (14. h3 $11) 14... Ng6 (14... gxh4 $1 $17 15. Bxh4 Ng6) 15. hxg5 $11 hxg5 16. Bf3 Rh8 17. Kg2 Nf4+ (17... Bxf5 $11 18. exf5 Nh4+ 19. Bxh4 gxh4) 18. Bxf4 $16 exf4 19. Rh1+ Kg6 20. Nd2 {[%emt 0:00:24] Black must now prevent Qe2. Dancing on a razor blade.} Rb8 $2 {[%emt 0:15:17][%mdl 8192] A mistake that costs the game.} ({Better is} 20... Rxh1 $1 $14 21. Qxh1 Bxf5 22. gxf5+ (22. exf5+ Kg7 $14) 22... Kg7) 21. Qe2 $18 {[%emt 0:04:08] White is clearly winning.} Nd7 22. Rxh8 Qxh8 23. Rh1 Qf8 24. Qe1 Ne5 25. Rh5 Kf6 26. Rh6+ Ng6 27. e5+ Ke6 28. Ne4 {[%emt 0:01:35] Pair of Knights!} Kd7 29. e6+ {[%emt 0:01:24] Weighted Error Value: White=0.09 (flawless) /Black=0.56} 1-0

[Event "German Bundesliga 2021-22"]
[Site "Germany"]
[Date "2022.05.01"]
[Round "6.11"]
[White "Eljanov, Pavel"]
[Black "Rozentalis, Eduardas"]
[Result "1-0"]
[ECO "E18"]
[WhiteElo "2681"]
[BlackElo "2542"]
[Annotator "TA"]
[PlyCount "101"]
[EventDate "2022.03.05"]
[EventType "team-tourn"]
[EventCountry "GER"]
[SourceTitle "playchess.com"]
[Source "ChessBase"]
[SourceQuality "1"]
[TimeControl "40/5400+30:1800+30"]

1. d4 Nf6 2. c4 e6 3. Nf3 b6 4. g3 Bb7 5. Bg2 Be7 6. O-O O-O 7. Re1 Na6 8. Nc3 Ne4 {[%emt 0:00:00] E18: Queen's Indian: Old Main Line (4 g3 Bb7 5 Bg2 Be7 6 0-0 0-0 7 Nc3).} 9. h4 Nxc3 10. bxc3 Be4 {[%emt 0:00:04] [#] White has an edge.} 11. Bf1 $5 $146 {[%emt 0:18:36][%mdl 8] An interesting novelty.} ({Predecessor:} 11. Ng5 Bxg2 12. Kxg2 Bxg5 13. hxg5 f6 14. gxf6 Qxf6 15. f3 Nb8 16. Qd3 Nc6 17. Rh1 {1-0 (46) Sargissian,G (2689)-Ly,M (2486) Chess.com INT 2019}) 11... Bxf3 (11... f5 $11) 12. exf3 $14 c6 13. Bd3 Nc7 14. Qc2 h6 15. Qe2 {[%emt 0:03:43] White is more active.} d5 16. Bc2 Qd7 17. Qd3 {[%emt 0:01:19][%csl Gc2][%cal Rd3h7] [#]} f5 18. Kg2 Bd6 {[%emt 0:10:18] Black is now going downhill.} 19. a4 Rae8 20. a5 b5 21. c5 Be7 22. Bf4 {[%emt 0:00:08] [#] And now Bxc7 would win.} Bd8 (22... Na6 $16 {was worth a try.}) 23. h5 $18 Na6 24. g4 Bc7 25. Bg3 Rf6 (25... Re7 $16 {might work better.} 26. f4 g5) 26. Re2 Bxg3 27. fxg3 (27. Kxg3 Qc7+ 28. f4 Ref8 $16) 27... Kf8 28. Re5 fxg4 (28... Qf7 $142 29. f4 (29. gxf5 exf5 30. Rae1 Nc7 $14) 29... fxg4) 29. fxg4 Ke7 30. g5 hxg5 31. Rxg5 {[%emt 0:00:04][%cal Be5g5,Bg5g7,Bg7g8][%mdl 32] Chess con chili.} Kd8 32. Rf1 Rxf1 33. Qxf1 ({Weaker is} 33. Kxf1 Nc7 $14) 33... Qc7 34. Bg6 Rh8 (34... Qe7) 35. Bf7 Qe7 36. Rxg7 e5 37. h6 Rxh6 38. Rg8+ Kc7 39. Qf5 Qd7 {[%emt 0:00:06] Prevents Qc8+.} 40. Qxe5+ Kb7 41. Bh5 Rh7 {[%emt 0:00:00] Prevents Rg7.} 42. Bg4 Rh2+ 43. Kxh2 Qh7+ {[%emt 0:00:00] White is clearly winning.} 44. Kg2 {[%emt 0:00:00] Threatening mate with Bc8+.} Qxg8 45. Be6 (45. Qe7+ $142 Nc7 46. Bd7) 45... Qd8 (45... Qe8 $142 46. g4 b4 47. cxb4 Nxb4) 46. Qg7+ Nc7 47. Bd7 Ka6 48. Bxc6 {[%emt 0:00:00] Qg6 would kill now.} Kxa5 49. Qh7 {[%emt 0:00:00] White wants to mate with Qc2.} Ka4 50. Qb1 Ka3 51. Bxb5 {[%emt 0:00:00] Weighted Error Value: White=0.30/Black=0.50} 1-0

[Event "German Bundesliga 2021-22"]
[Site "Germany"]
[Date "2022.05.01"]
[Round "6.11"]
[White "Koch, Thomas"]
[Black "Van Foreest, Lucas"]
[Result "1/2-1/2"]
[ECO "D19"]
[WhiteElo "2458"]
[BlackElo "2573"]
[Annotator "TA"]
[PlyCount "120"]
[EventDate "2022.03.05"]
[EventType "team-tourn"]
[EventCountry "GER"]
[SourceTitle "playchess.com"]
[Source "ChessBase"]
[SourceQuality "1"]
[TimeControl "40/5400+30:1800+30"]

1. d4 d5 2. c4 c6 3. Nc3 dxc4 4. Nf3 Nf6 5. a4 Bf5 6. e3 e6 7. Bxc4 Bb4 8. O-O O-O 9. Qe2 Bg6 10. Ne5 Nbd7 11. Nxg6 hxg6 12. Rd1 Qc7 $1 {[%emt 0:00:00][%mdl 4] outshines the older 12...Qa5.} 13. Bd2 {[%emt 0:01:53] D19: Slav Defence: 5 a4 Bf5 6 e3: Main line with 9 Qe2.} Rad8 {[%emt 0:00:00] [#]} 14. Be1 $146 ({Predecessor:} 14. Na2 Bxd2 15. Rxd2 Qa5 16. b3 Rfe8 17. Rc1 e5 18. Rcd1 Nb6 19. dxe5 Rxd2 20. Qxd2 Nxc4 21. bxc4 Qxe5 {0-1 (45) Dewald,H (1937)-Ivanauskas,R ICCF email 2014}) 14... a5 15. Rac1 {[%emt 0:01:31] The position is equal.} Rfe8 16. e4 e5 17. d5 $1 Nc5 18. f3 Bxc3 19. bxc3 (19. Rxc3 $14 Nxa4 20. Rc2) 19... Nxa4 $11 20. d6 Rxd6 21. Rxd6 Qxd6 22. Qa2 {[%emt 0:00:23] [#]} Rf8 23. Qxa4 b5 24. Bxf7+ Rxf7 $17 25. Qxa5 {[%emt 0:02:27] [#]} Nxe4 $1 26. Qa8+ (26. Qb4 Qc5+) 26... Kh7 27. Qa2 Qc5+ 28. Kh1 Nd6 29. Bf2 {[%emt 0:03:34] [#]} Qc4 30. Qd2 Nf5 31. Re1 Re7 32. Re4 (32. g4 $142 Nh6 33. Qe3) 32... Qd5 (32... Qf1+ $17 33. Bg1 Ra7) 33. Qg5 Rd7 34. Be1 Rf7 35. h3 Rf6 36. Kh2 Kg8 37. Bg3 Re6 38. h4 Qd6 39. Bf2 Qc7 40. Bc5 (40. Bg3 $5) 40... Nd6 41. Bxd6 Qxd6 $11 {[%emt 0:30:09][%mdl 4096] Endgame KQR-KQR} 42. Qe3 Kf7 43. Kh1 c5 44. Qe2 c4 45. Qe1 Re7 46. Qb1 Qc6 47. Kh2 Qd5 48. Qe1 Re6 49. Kg3 Qd6 50. Qb1 Qc5 51. Qe1 Qc7 52. Qb1 Rb6 53. Qa2 Rd6 54. Qb2 Rd5 55. Qb4 Kg8 56. Qa3 Kh7 57. Qa6 Qe7 58. Qc6 Rd2 59. Kh3 Rd3 {[%emt 0:00:00] ...Qf6 is the strong threat.} ({But not} 59... Qf6 60. Qxb5 Qe6+ 61. Kg3 $16) 60. Qxb5 Rxc3 {[%emt 0:01:31] Weighted Error Value: White=0.12 (very precise) /Black=0.12 (very precise)} 1/2-1/2

[Event "German Bundesliga 2021-22"]
[Site "Germany"]
[Date "2022.05.01"]
[Round "6.12"]
[White "Hracek, Zbynek"]
[Black "Lemmers, Oscar"]
[Result "1-0"]
[ECO "B42"]
[WhiteElo "2565"]
[BlackElo "2346"]
[Annotator "TA"]
[PlyCount "51"]
[EventDate "2022.03.05"]
[EventType "team-tourn"]
[EventCountry "GER"]
[SourceTitle "playchess.com"]
[Source "ChessBase"]
[SourceQuality "1"]
[TimeControl "40/5400+30:1800+30"]

1. e4 c5 2. Nf3 e6 3. d4 cxd4 4. Nxd4 a6 5. Bd3 g6 6. Be3 Bg7 {[%emt 0:00:00] B42: Sicilian: Kan Variation: 5 Bd3.} 7. Qd2 Ne7 8. Nc3 Nbc6 {[%emt 0:01:28] White is slightly better.} 9. Nxc6 Nxc6 {[%emt 0:10:24] [#]} 10. Bh6 $146 ({Predecessor:} 10. f4 d5 11. Bc5 Qa5 12. Bd6 Nb4 13. e5 Bd7 14. a3 Nxd3+ 15. cxd3 Rc8 16. Rc1 {½-½ (24) Shanava,K (2477)-Popchev,M (2476) Olomouc 2005}) 10... Bxh6 11. Qxh6 d6 12. O-O-O Bd7 13. Be2 Qe7 14. Rd2 {[%emt 0:10:51] aiming for Rhd1. White is more active.} O-O-O 15. Rhd1 e5 (15... Be8 $16) 16. Nd5 $18 ({Not} 16. Rxd6 Nd4 17. Rd5 Be6 $14) 16... Qf8 {[%emt 0:00:52] [#]} (16... Qe8 17. Qe3 Be6) 17. Qe3 $1 {[%emt 0:00:13] Intending Qb6 and mate.} Nd4 (17... Be6 $142 18. Bxa6 Bxd5) 18. Bxa6 bxa6 (18... Bc6 $142 19. c3 Bxd5) 19. c3 Bc6 20. cxd4 Kb8 (20... Bxd5 $142 21. Rc2+ Kb8) 21. dxe5 {[%emt 0:03:46] White is clearly winning.} Rc8 22. Nc3 dxe5 23. Qb6+ Bb7 24. Rd7 {[%emt 0:00:14][%csl Gd7][%cal Rb6b7] [#]} Rxc3+ 25. bxc3 Qc8 26. Rd8 {[%emt 0:00:06] Weighted Error Value: White=0.53/Black=0.69} 1-0

[Event "German Bundesliga 2021-22"]
[Site "Germany"]
[Date "2022.05.01"]
[Round "6.12"]
[White "Meshkovs, Nikita"]
[Black "Amin, Bassem"]
[Result "1-0"]
[ECO "E71"]
[WhiteElo "2559"]
[BlackElo "2682"]
[Annotator "TA"]
[PlyCount "87"]
[EventDate "2022.03.05"]
[EventType "team-tourn"]
[EventCountry "GER"]
[SourceTitle "playchess.com"]
[Source "ChessBase"]
[SourceQuality "1"]
[TimeControl "40/5400+30:1800+30"]

1. d4 Nf6 2. c4 g6 3. Nc3 Bg7 4. e4 d6 5. h3 O-O 6. Nf3 e5 7. d5 a5 8. g4 Na6 9. Be3 Nd7 {[%emt 0:05:44] E90: King's Indian: Classical: Early deviations and 6 h3.} 10. a3 Nb6 11. Rg1 Kh8 {[%emt 0:03:01] White is slightly better.} 12. Nd2 Bd7 {[%emt 0:03:17] [#]} 13. Bd3 $1 $146 {[%emt 0:13:14][%mdl 8] An important novelty.} ({Predecessor:} 13. Be2 a4 14. Qc2 Nc5 15. h4 c6 16. g5 f6 17. h5 fxg5 18. Bxg5 Bf6 19. Be3 gxh5 20. Bxh5 Qe7 21. O-O-O Rg8 22. Kb1 Bg5 23. Bxc5 dxc5 24. Be2 Bh4 {½-½ (24) Lalith,B (2548)-Kotronias,V (2485) Cattolica 2022}) 13... Nc5 14. Bc2 a4 (14... c6 $11 {keeps the balance.}) 15. Qe2 $16 {[%emt 0:01:35] Black is on the road to losing.} c6 16. O-O-O cxd5 17. cxd5 Rc8 18. Kb1 Na8 19. h4 h6 {[%emt 0:04:08] [#]} (19... Rb8 $16) 20. h5 $1 $18 {[%emt 0:10:09] aiming for g5.} g5 21. Bxc5 Rxc5 22. Bxa4 b5 (22... Rxc3 {was worth a try.} 23. Bxd7 Rh3) 23. Bxb5 Bxb5 24. Nxb5 Qb6 25. a4 Nc7 26. Nxc7 Rxc7 27. Rg3 Ra8 28. Rb3 ({Less strong is} 28. Nc4 Qb4 29. Rc1 (29. b3 Rxa4 30. Re3 Rca7 $14) 29... Rxa4 $16) 28... Qd4 29. Rc1 Rxc1+ 30. Kxc1 Qxa4 31. Rc3 (31. Qb5 $142) 31... Bf6 (31... Rb8 {keeps fighting.} 32. Kb1 Bf8) 32. Qc4 {[%emt 0:00:51] [#] Threatens to win with Qxa4.} Qd7 (32... Qa1+ {was called for.} 33. Kc2 Rb8) 33. Qc6 Ra1+ $2 (33... Qd8 34. Qc7 Kg7) 34. Kc2 Qd8 35. Qc8 {[%emt 0:01:44] Qxd8+ is the strong threat.} Kg7 36. Qxd8 Bxd8 {[%emt 0:00:01][%mdl 4096] Endgame KRB-KRN} 37. Nc4 {[%emt 0:00:56] Prevents Bb6.} Bc7 38. Ne3 Bb6 39. Nf5+ Kh7 40. Nxd6 Bxf2 41. Rc7 Be3 42. Kd3 Bd4 43. Nxf7 Bxb2 44. d6 {[%emt 0:00:00] Weighted Error Value: White=0.07 (flawless) /Black=0.63} 1-0

[Event "German Bundesliga 2021-22"]
[Site "Germany"]
[Date "2022.05.01"]
[Round "6.12"]
[White "Arnaudov, G. Petar"]
[Black "Saric, Ivan"]
[Result "0-1"]
[ECO "A48"]
[WhiteElo "2469"]
[BlackElo "2678"]
[Annotator "TA"]
[PlyCount "50"]
[EventDate "2022.03.05"]
[EventType "team-tourn"]
[EventCountry "GER"]
[SourceTitle "playchess.com"]
[Source "ChessBase"]
[SourceQuality "1"]
[TimeControl "40/5400+30:1800+30"]

1. d4 d6 2. Nf3 Nf6 3. c3 g6 4. Bg5 Nbd7 5. Nbd2 h6 6. Bh4 Bg7 7. e4 g5 8. Bg3 Nh5 9. Nc4 Ndf6 $5 {[%emt 0:07:18][%mdl 4] [#] A promising side line. A48: 1 d4 Nf6 2 Nf3 g6: Torre, London and Colle Systems.} 10. e5 $146 ({Predecessor:} 10. Bd3 Nxg3 11. hxg3 e6 12. Ne3 b6 13. d5 O-O 14. dxe6 fxe6 15. Qc2 Bb7 16. O-O-O g4 17. Nh2 {1-0 (33) Short,N (2698)-Khmelniker,I (2480) Douglas 2017}) 10... Nd5 11. Qb3 c6 {[%emt 0:23:31] The position is equal.} 12. exd6 {[%emt 0:05:04] Threatening 0-0-0.} Nxg3 13. hxg3 exd6 14. O-O-O (14. Qa3 $11) 14... O-O $17 15. Bd3 b5 16. Ncd2 Rb8 17. Bb1 f5 (17... Re8 $17) 18. Rde1 Bd7 19. Qc2 Qf6 20. Qd3 a5 21. g4 $2 {[%emt 0:02:33] White does not recover from this.} ({Better is} 21. Nf1 $15) 21... b4 22. gxf5 (22. Bc2 {was worth a try.}) 22... bxc3 $19 ({Weaker is} 22... Qxf5 23. Qxf5 Bxf5 24. Bxf5 Rxf5 25. Ne4 $15) 23. bxc3 {[%emt 0:00:56] [#]} Nf4 $1 ({Worse is} 23... Bxf5 24. Qxf5 Qxf5 25. Bxf5 Rxf5 26. Ne4 $17) 24. Qc4+ (24. Qc2 Nxg2 25. Re6 Bxe6 26. fxe6) 24... d5 {[%emt 0:00:12] Chess con chili.} 25. Qc5 Bxf5 {[%emt 0:01:12] Weighted Error Value: White=0.54/Black=0.13 (very precise)} 0-1

[Event "German Bundesliga 2021-22"]
[Site "Germany"]
[Date "2022.05.01"]
[Round "6.13"]
[White "Fedorchuk, Sergey A."]
[Black "Teclaf, Pawel"]
[Result "1/2-1/2"]
[ECO "B18"]
[WhiteElo "2605"]
[BlackElo "2542"]
[Annotator "TA"]
[PlyCount "55"]
[EventDate "2022.03.05"]
[EventType "team-tourn"]
[EventCountry "GER"]
[SourceTitle "playchess.com"]
[Source "ChessBase"]
[SourceQuality "1"]
[TimeControl "40/5400+30:1800+30"]

1. e4 c6 2. d4 d5 3. Nd2 dxe4 4. Nxe4 Bf5 5. Ng3 Bg6 6. Nh3 Nf6 $1 {[%emt 0:00:00][%cal Oc6c5][%mdl 4] is recently more successful than 6...e6. B18: Classical Caro-Kann: 4...Bf5 sidelines.} 7. c3 Nbd7 8. Bc4 e6 {[%emt 0:00:00] The position is equal.} 9. Nf4 Bd6 10. Qf3 Nb6 {[%emt 0:00:00] [#] White must now prevent ...Bxf4.} 11. Bb3 Nbd5 12. Nxg6 hxg6 13. Bg5 Be7 14. O-O Nd7 15. Bc1 {[%emt 0:08:55] [#]} a5 $146 ({Predecessor:} 15... N5f6 16. Re1 Qc7 17. c4 O-O 18. c5 b6 19. Bf4 Qb7 20. Ne4 Nxe4 21. Rxe4 bxc5 {0-1 (48) Fedorchuk,S (2633)-Svane,R (2615) Riga 2019}) 16. Re1 a4 17. Bc2 O-O 18. Ne4 b5 19. Bd2 e5 20. Rad1 f5 21. Ng3 e4 22. Nxe4 fxe4 23. Qxe4 {[%emt 0:00:03] Qe6+ is the strong threat.} Rf6 {[%emt 0:04:57] Against Qe6+} 24. Bg5 {[%emt 0:01:56][%mdl 64] [#] Deflection} Rf7 25. Qxg6 {[%emt 0:05:51] Threatening mate with Qh7+.} Nf8 {[%emt 0:00:03] Against Qh7+. Pair of Knights!} 26. Bxe7 {[%emt 0:00:11] Really sharp!} Nxe7 27. Qd3 Nd5 28. g3 {[%emt 0:03:52] Weighted Error Value: White=0.05 (flawless) /Black=0.03 (flawless)} 1/2-1/2

[Event "German Bundesliga 2021-22"]
[Site "Germany"]
[Date "2022.05.01"]
[Round "6.13"]
[White "Berchtenbreiter, Maximilian"]
[Black "Braeuer, Franz"]
[Result "0-1"]
[ECO "A18"]
[WhiteElo "2506"]
[BlackElo "2428"]
[Annotator "TA"]
[PlyCount "82"]
[EventDate "2022.03.05"]
[EventType "team-tourn"]
[EventCountry "GER"]
[SourceTitle "playchess.com"]
[Source "ChessBase"]
[SourceQuality "1"]
[TimeControl "40/5400+30:1800+30"]

1. c4 Nf6 2. Nc3 e6 3. e4 d5 4. e5 d4 5. exf6 dxc3 6. bxc3 Qxf6 7. Nf3 b6 8. d4 h6 {[%emt 0:12:26] A18: English Opening: Flohr-Mikenas System (1 c4 Nf6 2 Nc3 e6 3 e4).} 9. Bd3 {[%emt 0:04:55] With the idea Ne5.} Bb7 $1 10. Ne5 Bd6 {[%emt 0:09:05] Against c5. Black has an edge.} 11. Qa4+ c6 (11... Kf8 $11) 12. f4 $14 O-O $1 13. O-O c5 {[%emt 0:10:55] [#]} 14. Bd2 $146 ({Predecessor:} 14. Be3 Rc8 15. Rae1 Nc6 16. d5 exd5 17. cxd5 Ne7 18. Qe4 g6 19. Ng4 Qh4 20. f5 gxf5 21. Rxf5 Nxf5 {1-0 (26) Dimitrov,R (2380)-Baumegger,S (2456) Zadar 2009}) 14... Qd8 15. Be3 Qc7 16. Rae1 Nc6 17. Ng4 (17. Nxc6 $15 Bxc6 18. Qd1) 17... Ne7 (17... Rad8 $17 18. dxc5 bxc5) 18. Qc2 cxd4 (18... Rae8 $15) 19. cxd4 Nf5 20. Bf2 (20. Bxf5 $11 {remains equal.} exf5 21. Ne5) 20... Bxf4 $17 (20... Qc6 21. d5 Qc8 22. Ne5 $14) 21. d5 Rae8 $1 22. Qa4 Qb8 23. Qd1 Bc8 24. Qa4 (24. g3 $15 Bd6 25. Bc2) 24... Bb7 25. Qd1 $1 Bc8 26. Qa4 $1 Rd8 27. Re4 (27. Kh1 $17) 27... Bd6 (27... exd5 $19 28. cxd5 Bc7) 28. Qd1 exd5 (28... h5 29. Nf6+ gxf6 30. Qxh5 Bxh2+ 31. Kh1 $16) (28... Qc7 $19 29. Kh1 exd5 30. cxd5 Bc5) 29. cxd5 Rfe8 30. Qf3 {[%emt 0:00:03] And now Rxe8+ would win.} Rf8 {[%emt 0:00:46] [#]} (30... h5 $17 {keeps the pressure on. Strongly threatening ...Rxe4.} 31. Ne3 Rxe4 32. Bxe4 Nh6 33. Qxh5 Bc5) 31. Nf6+ Kh8 $1 $11 {[%emt 0:00:30] [#]} (31... gxf6 $2 32. Rg4+ Kh8 33. Bxf5 Bxh2+ 34. Kh1 Bxf5 35. Qxf5 $18) 32. Rg4 $2 {[%emt 0:00:57] [#]} Be5 $1 33. Nh5 (33. Bh4 Qd6) 33... g6 ({Of course not} 33... Bxh2+ $6 34. Kh1 Qe5 35. Nxg7 Nxg7 36. Rh4 $11) 34. Nf4 {[%emt 0:00:08] Loses the game.} (34. Bxf5 $17 {might work better.} Bxf5 35. Bd4) 34... Qd6 $19 35. Rc1 $2 (35. Re1 {was worth a try.}) 35... Bd7 (35... Nd4 $142 36. Qe4 Bxg4 37. Bxd4 Rde8) 36. g3 (36. Re1 $142) 36... Rc8 37. Re1 Bg7 38. Ne6 $2 (38. Ne2) 38... fxe6 39. Rxg6 {[%emt 0:00:56] Hoping for Bxf5.} Qxd5 ({Wrong is} 39... Nh4 $2 40. Qe4 Nf3+ 41. Kh1 exd5 42. Qe7 Qxg6 43. Bxg6 $17) 40. Be4 (40. Qxd5 exd5 41. g4) 40... Qd2 {[%emt 0:00:41] ...Rc1 is the strong threat.} 41. Qh5 Rc1 {[%emt 0:00:00] Weighted Error Value: White=0.75/Black=0.43} 0-1

[Event "German Bundesliga 2021-22"]
[Site "Germany"]
[Date "2022.05.01"]
[Round "6.13"]
[White "Sonntag, Hans-Hubert"]
[Black "Pruijssers, Roeland"]
[Result "0-1"]
[ECO "B56"]
[WhiteElo "2322"]
[BlackElo "2565"]
[Annotator "TA"]
[PlyCount "44"]
[EventDate "2022.03.05"]
[EventType "team-tourn"]
[EventCountry "GER"]
[SourceTitle "playchess.com"]
[Source "ChessBase"]
[SourceQuality "1"]
[TimeControl "40/5400+30:1800+30"]

1. e4 c5 2. Nf3 Nc6 3. d4 cxd4 4. Nxd4 Nf6 5. Nc3 d6 6. g3 g6 7. Nde2 Bg7 8. Bg2 O-O 9. O-O Rb8 10. a4 a6 11. h3 b5 12. axb5 axb5 13. Be3 b4 14. Nd5 Nd7 {[%emt 0:00:25] B70: Sicilian Dragon: 6 g3 and 6 Be2 (without a later Be3).} 15. Nd4 {[%emt 0:02:19] [#]} ({White should try} 15. Qd2 $15) 15... Bxd4 $1 $19 16. Bxd4 e6 {[%emt 0:00:07] Black is clearly better.} 17. Be3 exd5 18. Qxd5 {[%emt 0:00:21] [#]} Qc7 $146 ({Predecessor:} 18... Nde5 19. Rfd1 Ne7 20. Qd4 Be6 21. Bh6 N7c6 22. Qxd6 Qxd6 23. Rxd6 Rfd8 24. Rxd8+ Rxd8 25. Ra6 Nd4 26. c3 Ndf3+ 27. Bxf3 Nxf3+ 28. Kg2 Ne1+ {0-1 (28) Agopov,M (2449)-Henrichs,T (2485) Kallithea 2008}) 19. Rfd1 Nce5 20. Ra7 $2 {[%emt 0:32:05] [#]} (20. Bh6 $17) 20... Qxc2 21. Rd2 $2 (21. b3) 21... Qb1+ 22. Kh2 (22. Rd1 $142 Qxb2 23. Raa1) 22... Nf6 {Weighted Error Value: White=1.13/Black=0.05 (flawless)} 0-1